 Dungeon Crawl Stone Soup version 0.19.0-2-gae57169 (webtiles) character file.

1367 Quirk the Skirmisher (level 8, -1/51 HPs)
             Began as a Gargoyle Fighter on Nov 6, 2016.
             Slain by an unseen horror (6 damage)
             ... on level 5 of the Dungeon.
             The game lasted 00:28:26 (4395 turns).

Quirk the Skirmisher (Gargoyle Fighter)             Turns: 4395, Time: 00:28:26

Health: -1/51      AC: 16    Str: 21    XL:     8   Next: 65%
Magic:  8/8        EV:  9    Int:  9    God:
Gold:   69         SH: 10    Dex: 10    Spells: 0 memorised, 7 levels left

rFire  x . .     SeeInvis .     a - +0 flail
rCold  + + .     Gourm    .     y - +2 scale mail {rC+}
rNeg   + . .     Faith    .     c - +0 shield
rPois  ∞         Spirit   .     j - +0 helmet
rElec  +         Reflect  .     (no cloak)
rCorr  .         Harm     +     (no gloves)
MR     .....                    (no boots)
Stlth  ..........               u - amulet of harm
                                (no ring)
                                v - ring of ice

@: marked
A: negative energy resistance 1, electricity resistance, unbreathing,
petrification resistance, rot immunity, AC +5
a: no special abilities


You were on level 5 of the Dungeon.
You were not hungry.

You visited 1 branch of the dungeon, and saw 5 of its levels.

You collected 234 gold pieces.
You spent 165 gold pieces at shops.

Inventory:

Hand Weapons
 a - a +0 flail (weapon)
Armour
 c - a +0 shield (worn)
 j - a +0 helmet (worn)
 p - a +1 robe of magic resistance
 y - a +2 scale mail of cold resistance (worn)
 B - a +1 leather armour of magic resistance
Jewellery
 u - an amulet of harm (around neck)
 v - a ring of ice (left hand)
Scrolls
 h - a scroll of fear
 n - 3 scrolls of magic mapping
 o - 3 scrolls of remove curse {unknown}
 q - 4 scrolls of teleportation {unknown}
 s - 2 scrolls of recharging {unknown}
 x - 2 scrolls of fog {unknown}
Potions
 d - 3 potions of heal wounds
 i - a potion of curing
 k - a potion of degeneration {unknown}
 m - a potion of lignification {unknown}
 t - 2 potions of haste {unknown}
 w - a potion of magic {unknown}
 z - a potion of cancellation {unknown}
 A - 2 potions of brilliance {unknown}
Comestibles
 f - 5 bread rations
 r - 5 meat rations


   Skills:
 + Level 6.2 Fighting
 + Level 5.0 Maces & Flails
 + Level 6.1 Armour
 + Level 3.1 Dodging
 + Level 6.0 Shields


You had 7 spell levels left.
You didn't know any spells.

Dungeon Overview and Level Annotations

Branches:
Dungeon (5/15)
 Temple: D:4-7

Altars:
Ashenzari
Hepliaklqana
Trog
Xom
Zin

Shops:
D:5 !


Innate Abilities, Weirdness & Mutations

You are resistant to torment.
Your stone body is resilient. (AC +5)
You are immune to poison.
You resist negative energy. (rN+)
You are resistant to electric shocks. (rElec)
You can survive without breathing.
You are immune to petrification.
You are immune to rotting.


Message History

It is a scroll of enchant armour.
Your +1 scale mail of cold resistance glows green for a moment.
Something hits you.
* * * LOW HITPOINT WARNING * * *
Something hits you but does no damage.
As you read the scroll labeled ENASHRI YLUVO, it crumbles to dust.
You feel momentarily disoriented.
It was a scroll of magic mapping.
Something hits you but does no damage.
Unknown command.
As you read the scroll labeled JUC ZAIPUECH, it crumbles to dust.
You assume a fearsome visage.
It was a scroll of fear.
Okay, then.
The alarm trap emits a blaring wail!
A sentinel's mark forms upon you. Something hits you but does no damage.
Something hits you but does no damage. Something completely misses you.
Something hits you but does no damage. Something hits you.
* * * LOW HITPOINT WARNING * * *
Something hits you.
You die...

#######.# #.#
########### #.#
#.........#
#######.######
#.###.....#
#............# #.#
#.....# #.#####.####.#
#.# #.._..# #.### #.#
#.# #.# ##....# ....#
#.# #.# #.# ##...# #.#.#
#.####.###@# #.###
..#.###..........# #.#
......#.#######..# #.#
###.#.#<# #..# #.#
###.#.#.# #..# #.#
......#.# #####..#####.#
##..#.#.###............#
#.##.#..........#######
#.##.#.###.###..#


There were no monsters in sight!

Vanquished Creatures
  Grinder (D:5)
  The ghost of feamirim the Skirmisher, an amateur DsFi (D:3)
  2 ice beasts (D:5)
  2 phantoms (D:5)
  A bullfrog (D:5)
  A water moccasin skeleton (D:5)
  A howler monkey (D:4)
  A hound (D:5)
  A gnoll shaman (D:4)
  A bullfrog skeleton (D:5)
  3 orc wizards (D:4)
  4 worker ants
  A killer bee zombie (D:5)
  3 gnolls (D:4)
  10 adders
  An ooze (D:5)
  An adder zombie (D:5)
  4 worms
  2 dart slugs
  A leopard gecko (D:5)
  8 orcs
  6 bats
  5 giant cockroaches
  8 goblins
  12 hobgoblins
  19 jackals
  2 kobolds
  2 quokkas
  9 frilled lizards
  A jackal skeleton (D:5)
  A quokka skeleton (D:4)
  7 rats
122 creatures vanquished.

Notes
Turn   | Place    | Note
-------+----------+-------------------------------------------
     0 | D:1      | Quirk the Gargoyle Fighter began the quest for the Orb.
     0 | D:1      | Reached XP level 1. HP: 14/14 MP: 1/1
   112 | D:1      | Reached XP level 2. HP: 19/19 MP: 2/2
   582 | D:1      | Reached XP level 3. HP: 23/23 MP: 3/3
   917 | D:2      | Reached XP level 4. HP: 17/29 MP: 4/4
  1221 | D:2      | Found a hazy altar of Hepliaklqana.
  1444 | D:2      | Found a faded altar of an unknown god.
  1819 | D:3      | Reached XP level 5. HP: 33/33 MP: 5/5
  2110 | D:3      | Noticed feamirim's ghost (amateur DsFi)
  2123 | D:3      | Killed feamirim's ghost
  2123 | D:3      | Reached skill level 1 in Dodging
  2123 | D:3      | Reached XP level 6. HP: 24/39 MP: 6/6
  2513 | D:4      | Found a glowing silver altar of Zin.
  2749 | D:4      | Reached XP level 7. HP: 24/44 MP: 7/7
  2910 | D:4      | Reached skill level 5 in Fighting
  2910 | D:4      | Reached skill level 5 in Armour
  2924 | D:4      | HP: 1/44 [gnoll/halberd (12)]
  3223 | D:4      | Reached skill level 5 in Shields
  3439 | D:5      | Entered Level 5 of the Dungeon
  3698 | D:5      | Reached XP level 8. HP: 50/50 MP: 8/8
  3700 | D:5      | Found Hiepaega's Distillery.
  3705 | D:5      | Bought a potion of heal wounds for 55 gold pieces
  3705 | D:5      | Bought a potion of heal wounds for 55 gold pieces
  3705 | D:5      | Bought a potion of heal wounds for 55 gold pieces
  3836 | D:5      | Noticed Grinder
  3842 | D:5      | Paralysed by Grinder for 5 turns
  3873 | D:5      | Paralysed by Grinder for 4 turns
  3885 | D:5      | Killed Grinder
  3993 | D:5      | Found a bloodstained altar of Trog.
  4080 | D:5      | Found a shimmering altar of Xom.
  4088 | D:5      | Reached skill level 5 in Maces & Flails
  4354 | D:5      | Found a shattered altar of Ashenzari.
  4395 | D:5      | Slain by an unseen horror

Skill      XL: |  1  2  3  4  5  6  7  8 |
---------------+-------------------------+-----
Shields        | 4 5 6 |  6.0
Armour         | 4 5 6 |  6.1
Maces & Flails | 3 4 5 |  5.0
Fighting       | 4 5 6 |  6.2
Dodging        | 1 2 3 |  3.1

Action                   |  1- 3 |  4- 6 |  7- 9 || total
-------------------------+-------+-------+-------++-------
Melee: Flail             |   159 |   280 |   213 ||   652
  Use: Potion            |       |     1 |     3 ||     4
       Scroll            |       |       |     5 ||     5
  Eat: Chunk             |       |     7 |     4 ||    11
       Beef jerky        |       |       |     1 ||     1
Armor: Scale mail        |   122 |   157 |   135 ||   414
Dodge: Dodged            |    56 |    90 |    71 ||   217
Block: Shield            |    99 |   147 |   121 ||   367
